Unix NetHack Version 5.0.0-0 post-release - last build Jul 14 2026 02:55:29 (1809b74e8187c3a3585e283601c3028b46cbbdcb,branch:main).

Game began 2026-07-16 07:34:43, ended 2026-07-16 10:03:19.

GregLordOfLeg, neutral female human Archeologist

                                                                       -###
                      ---.|.|              ---                     **###..-
                     --<....`..      --#----.---                      --...
                     |....)...--   ---.........--       ----         --....|
             -###    --..|.....--- |...---.......|      |..|        --.....|
       --- --...-#----#-----......--.---   --....--    --..--      |.......--
      --.---.........................|      --....|-----.....#    `#.>......--
      |.........--..------.|......#--- ----------.--....(^.).|     --........|
     --.........--..|      --#.....-----.........q@..-.---.#.|       -.......--
     |.....)........|        -#-#....#-...----##---..*^.###|.--    --.%.......|
     |-..).--.--...--           |...)..)..|       |.....-- |..|    |..........|
    --....-|   .---          -----.......--       --......|--^|  ---........--
   --......|               #--..||..---..|         |......| |.|  |...|.---..|
  |........|              #-....--..|  ---        -#......--|.|  |.---   |..--
  |........|             #|*........###*###*#*#####....)...||.----.|     --..|
  --.......|              |..........|            --.......|-....*.--     |..|
   -----..--              --.`.......|             ------.-|...-.-..|     ----
        ---                 -....|...|                  ---|........|
                            ---.----.|                     ---..-----
                                                             ----

GregLordOfLeg the Field Worker  St:14 Dx:10 Co:15 In:12 Wi:17 Ch:9  Neutral
Dlvl:4  $:0  HP:0(38) Pw:24(24) AC:6  Xp:5 T:4451 

Latest messages:
 This leprechaun corpse is fatty.  You finish eating the leprechaun corpse.  You feel very jumpy.
 You attack thin air.
 You are hit by a dart.
 You lash the floating eye!
 You kill the floating eye!
 You see here a floating eye corpse.
 There is a floating eye corpse here; eat it? [ynq] (n) y
 Blecch!  Rotten food!
 You lash the large kobold!
 You kill the large kobold!
 What do you want to use or apply? [ae-hmHK or ?*] h
 You put 12 gold pieces into the sack.
 You feel strong!  You must have been exercising diligently.
 Really step onto that dart trap? [yn] (n) n
 You see here a dart.
 You lash the floating eye!
 You lash the floating eye!
 You kill the floating eye!
 Double run prefix, canceled.
 Restoring save file...
 Hello GregLordOfLeg, the human Archeologist, welcome back to NetHack!
 Be careful!  New moon tonight.
 Double run prefix, canceled.
 You see here a dagger.
 Really step onto that anti-magic field? [yn] (n) y
 You feel your magical energy drain away!
 You materialize in a different location!
 You materialize in a different location!
 You see here a dart.
 You miss the rothe.
 The rothe hits!
 The rothe bites!
 The rothe bites again!
 You see here a dart.
 The rothe hits!
 The rothe bites!
 The rothe bites again!
 You lash the rothe!
 The rothe hits!
 The rothe bites!
 The rothe bites again!
 The rothe hits!
 The rothe bites!
 The rothe bites again!
 The rothe hits!
 The rothe bites!
 The rothe bites again!
 You die...
 Do you want your possessions identified? [ynq] (y) y
 Do you want to see your attributes? [ynq] (y) q

Inventory:
 Weapons  (')')
  l - 18 +0 darts
  B - a +0 orcish dagger
  a - a +4 bullwhip (weapon in right hand)
 Armor    ('[')
  c - an uncursed +0 fedora
  C - a blessed +2 orcish helm (being worn)
  k - an uncursed +0 orcish helm
  N - a blessed +0 pair of iron shoes
  O - a blessed +2 dwarvish cloak
  b - an uncursed +0 leather jacket (being worn)
 Comestibles  ('%')
  d - an uncursed food ration
  S - 2 cursed food rations
  p - an uncursed homemade tin of lichen
 Scrolls  ('?')
  J - a blessed scroll of identify
 Potions  ('!')
  E - an uncursed potion of healing
 Rings    ('=')
  r - a cursed ring of hunger named evil evil
  Q - an uncursed ring of teleport control
 Wands    ('/')
  K - a wand of cancellation (0:6)
  m - a wand of digging (0:7)
 Tools    ('(')
  h - an uncursed sack containing 1 item
  e - a +0 pick-axe (alternate weapon; not wielded)
  H - an uncursed skeleton key
  f - a tinning kit (0:46)
 Gems/Stones  ('*')
  g - an uncursed touchstone

Contents of the sack:
  12 gold pieces

GregLordOfLeg the Archeologist's attributes:

Background:
 You were a Field Worker, a level 5 female human Archeologist.
 You were neutral, on a mission for Camaxtli
 who was opposed by Quetzalcoatl (lawful) and Huhetotl (chaotic).
 You were right-handed.
 You were in the Gnomish Mines, on level 4.
 You entered the dungeon 4451 turns ago.
 There was a new moon in effect when your adventure ended.
 You had 272 experience points, 48 more were needed to attain level 6.

Basics:
 You had 0 out of 38 hit points.
 You had all 24 energy points (spell power).
 Your armor class was 6.
 Your wallet was empty, but
 you had 12 zorkmids stashed away in your pack.
 Autopickup was off.

Final Characteristics:
 Your strength was 14 (limit:18/100).
 Your dexterity was 10 (limit:18).
 Your constitution was 15 (limit:18).
 Your intelligence was 12 (limit:18).
 Your wisdom was 17 (limit:18).
 Your charisma was 9 (limit:18).

Final Status:
 You weren't hungry.
 You were unencumbered.
 You were wielding a whip.
 You had basic skill with whip and could have enhanced that.

Final Attributes:
 You were piously aligned.
 You were telepathic.
 You had automatic searching.
 You were stealthy.
 You could teleport.
 You are dead.

Miscellaneous:
 You didn't encounter any bones levels.
 Total elapsed playing time was 2 hours, 27 minutes and 14 seconds.

Major events:
 Turn
    1: GregLordOfLeg the neutral female human Archeologist entered the dungeon
 1470: attained the rank of Field Worker (level 3)
 2511: entered the Gnomish Mines
 4451: killed by a rothe

You didn't know any spells.

Skills:
 Fighting Skills
   bare handed combat [Unskilled]
   two weapon combat  [Unskilled]
   riding             [Unskilled]
 Weapon Skills
   dagger             [Unskilled]
   knife              [Unskilled]
   pick-axe           [Basic]
   short sword        [Unskilled]
   saber              [Unskilled]
   club               [Unskilled]
   quarterstaff       [Unskilled]
   sling              [Unskilled]
   dart               [Unskilled]
   boomerang          [Unskilled]
   whip               [Basic]
   unicorn horn       [Unskilled]
 Spellcasting Skills
   attack spells      [Unskilled]
   healing spells     [Unskilled]
   divination spells  [Unskilled]
   matter spells      [Unskilled]

Voluntary challenges:
 Character rerolling was not enabled.
 You never genocided any monsters.
 You never polymorphed an object.
 You never changed form.
 You used no wishes.
Achievements:
 You attained the rank of Field Worker.
 You entered the Gnomish Mines.

 The Dungeons of Doom: levels 1 to 3
    Level 1:
    Level 2:
       An altar to Camaxtli.
    Level 3:
       Stairs down to The Gnomish Mines.
 The Gnomish Mines:
    Level 4: <- You were here.
       Final resting place for
          you, killed by a rothe.


Vanquished creatures:
  a leprechaun
  a rock mole
  3 shriekers
  a gnome leader
  3 floating eyes
  2 dwarves
  a kobold leader
  a giant bat
  a wererat
 an iguana
 an acid blob
  a gas spore
  a hobbit
  a large kobold
  a giant rat
  2 cave spiders
  a green mold
  8 gnomes
  3 garter snakes
  a gnome zombie
  6 geckos
 10 jackals
  2 foxes
  2 kobolds
  5 goblins
  a sewer rat
  9 grid bugs
  4 bats
  7 lichens
  5 newts
86 creatures vanquished.

No species were genocided or became extinct.

Game over:
                       ----------
                      /          \
                     /    REST    \
                    /      IN      \
                   /     PEACE      \
                  /                  \
                  |  GregLordOfLeg   |
                  |      12 Au       |
                  |   killed by a    |
                  |      rothe       |
                  |                  |
                  |                  |
                  |       2026       |
                 *|     *  *  *      | *
        _________)/\\_//(\/(/\)/\//\/|_)_______

Goodbye GregLordOfLeg the Archeologist...

You died in The Gnomish Mines on dungeon level 4 with 1249 points,
and 12 pieces of gold, after 4451 moves.
You were level 5 with a maximum of 38 hit points when you died.

